nht, chaotic female elven Wizard --------------------------------- |.....).........................| |.----....-----.----+--..----- | |.| |---.|...|.+ ..|.((| |.| |..|.|._.|.| ..|((]| |.-+-|.(|.|...-.--------.|...| |....|..|.|...|%...-./.|.-|--- |.{..-%--.----|....|/%.|........| |.......I..-..|+--.-----..----- | I....-I--..| | |........-.%%| |.-+-|..|I----- --|--....|.%%| | |.| |..|.-.%*| .. ----.-----.| |.| |---.|.*[| |... +.......| |.| |....|.+%| |... |.......| |.----....-----+---------.....{.| |........%............%.).......| --------------------------------- nht the Thaumaturge Experience level: 6 Strength: 10 Dexterity: 13 Constitution: 16 Intelligence: 17 Wisdom: 8 Charisma: 11 Health: 0(45) Energy: 4(64) Def: 1 Gold: 123 Moves: 595 Dungeon seed: 77yhDmAfuImc1qoD Game ID: nht_1432366776 Your Inventory: Coins $ - 123 gold pieces Weapons a - a blessed +1 quarterstaff (weapon in hands) x - a +0 dwarvish mattock Armor e - an uncursed +0 cloak of magic resistance (being worn) Comestibles t - 2 uncursed cram rations J - an uncursed slime mold Scrolls j - 3 uncursed scrolls of blank paper u - an uncursed scroll of enchant weapon v - an uncursed scroll of destroy armor A - an uncursed scroll of identify C - a blessed scroll of enchant armor I - an uncursed scroll of blank paper Spellbooks p - an uncursed spellbook of sleep s - a blessed spellbook of blank paper Potions f - an uncursed potion of levitation g - an uncursed potion of gain level h - an uncursed potion of invisibility Rings c - an uncursed ring of poison resistance d - an uncursed ring of invisibility Wands y - a wand of create monster (0:13) D - a wand of cancellation (0:4) Tools b - an uncursed sack i - an uncursed oil lamp (0:1103) n - a magic marker (0:76) o - an uncursed leather drum E - an uncursed leather drum Gems q - an uncursed worthless piece of red glass Spells known in the end: Name Level Category Fail Memory a - force bolt 1 attack 0% 98% b - magic missile 2 attack 0% 98% c - cause fear 3 enchantment 0% 98% d - detect monsters 1 divination 0% 98% e - healing 1 healing 0% 98% Your skills at the end: Fighting Skills Weapon Skills quarterstaff [Basic] Spellcasting Skills attack spells [Basic] enchantment spells [Basic] Final Attributes: You were piously aligned. You were sleep resistant. You were magic-protected. You were blinded. You had infravision. You are dead. Vanquished creatures: a giant mimic a large mimic 2 giant beetles 2 gnome kings a raven a soldier ant 3 gnome lords 2 gnomish wizards an elf zombie a paper golem 2 dwarves a hobbit 8 gnomes a fox a lichen a newt 29 creatures vanquished. Voluntary challenges: You went without food. You used a wielded weapon 68 times, starting on turn 6. You read items or engraved 25 times, starting on turn 81. You never genocided any monsters. You never polymorphed an object. You never changed form. You used no wishes. You never split a pudding. You wrote Elbereth's name 18 times, starting on turn 240. You violated your moral code, losing 1 point of alignment, starting on turn 585. You disabled loading bones files. Dungeon overview: The Dungeons of Doom: levels 1 to 2 Level 1 a long staircase Level 2 a fountain stairs to The Gnomish Mines The Gnomish Mines: levels 3 to 6 Level 3 stairs to The Dungeons of Doom Level 4 Level 5 Level 6 <- You were here many shops, a temple to Thoth, some fountains History has recorded: On T:1 you entered the Dungeons of Doom to retrieve the Amulet of Yendor! On T:77 you reached level 2 of The Dungeons of Doom. On T:181 you reached level 1 of The Gnomish Mines. On T:183 you reached level 2 of The Gnomish Mines. On T:196 you advanced to experience level 2. On T:201 you advanced to experience level 3. On T:209 you advanced to experience level 4. On T:274 you reached level 3 of The Gnomish Mines. On T:300 you reached level 4 of The Gnomish Mines. On T:356 you advanced to experience level 5. On T:414 you advanced to experience level 6. Score breakdown: Gold: 123 ( 7121 points) Experience: 6 levels (12456 points) Exploration: 6 levels ( 12.00%) ( 9583 points) Discoveries: 10 items ( 3.61%) ( 5700 points) Valuables value: (no points given unless you survive) Artifact value: 0 ( 0 points) Variety of kills: 16 monsters ( 4.22%) ( 6163 points) Time penalty: 595 turns ( 0 points) Survival: died (score multiplied by 80%) Total score: 32818 Latest messages: p - an uncursed cyan spellbook. z - an uncursed potion called em1. y - an uncursed wand of create monster. E - an uncursed leather drum. b - an uncursed sack. q - an uncursed red gem. A leather drum lands on the altar. A red gem lands on the altar. You drop a blessed spellbook of force bolt. You sold a blessed spellbook of force bolt for 50 gold pieces. You drop an uncursed spellbook of cause fear. You sold an uncursed spellbook of cause fear for 150 gold pieces. You drop a cyan spellbook. You drop an emerald potion. It hits! You die... Final status: Goodbye nht the Wizard, killed by a plains centaur... You died in The Gnomish Mines on dungeon level 6 with 32818 points, and 123 pieces of gold, after 595 moves. You were level 6 with a maximum of 45 hit points when you died.